 Dungeon Crawl Stone Soup version 0.18.1-50-g88ac8fd (webtiles) character file.

11944 mannyp the Basher (level 11, -17/118 HPs)
             Began as an Ogre Berserker on Oct 20, 2016.
             Was an Elder of Trog.
             Killed from afar by a tengu reaver (28 damage)
             ... with a bolt of poison
             ... on level 11 of the Dungeon.
             The game lasted 00:27:47 (13391 turns).

mannyp the Basher (Ogre Berserker)                 Turns: 13391, Time: 00:27:48

Health: -17/118    AC:  9    Str: 27    XL:     11   Next: 85%
Magic:  11/11      EV: 13    Int:  6    God:    Trog [****..]
Gold:   195        SH:  0    Dex:  9    Spells: 0 memorised, 10 levels left

rFire  . . .     SeeInvis .     J - +0 giant club
rCold  . . .     Gourm    +     b - +1 animal skin
rNeg   . . .     Faith    .     (shield currently unavailable)
rPois  .         Spirit   .     (helmet restricted)
rElec  .         Dismiss  .     F - +0 cloak
rCorr  .         Reflect  .     (gloves unavailable)
SustAt .         Harm     .     (boots unavailable)
MR     +....                    n - amulet of the gourmand
Stlth  +.........               m - +1 ring of protection
                                H - +3 ring of protection

@: lethally poisoned (-17 -> -31), exhausted, very slightly contaminated, hasted
and slowed, somewhat resistant to hostile enchantments, very unstealthy
A: unfitting armour, blink, tough skin 1
a: Blink, Berserk, Trog's Hand, Brothers in Arms, Burn Spellbooks, Renounce
Religion


You were on level 11 of the Dungeon.
You worshipped Trog.
Trog was greatly pleased with you.
You were not hungry.

You visited 1 branch of the dungeon, and saw 11 of its levels.
You visited 1 bazaar.
You also visited: Sewer.

You collected 834 gold pieces.
You spent 639 gold pieces at shops.

Inventory:

Hand Weapons
 I - a +0 mace of crushing
 J - a +0 giant club (weapon)
 L - a +2 flail of protection
Missiles
 y - 15 large rocks
 R - 9 tomahawks (quivered)
Armour
 b - a +1 animal skin (worn)
 F - a +0 cloak (worn)
Jewellery
 l - a +3 ring of intelligence
 m - a +1 ring of protection (right hand)
 n - an amulet of the gourmand (around neck)
 t - an uncursed amulet of magic regeneration
 v - a +2 ring of dexterity
 A - an uncursed ring of sustain attributes {unknown}
 E - an uncursed ring of poison resistance
 H - a +3 ring of protection (left hand)
 U - an uncursed ring of protection from fire
Wands
 a - a wand of acid (8/15)
 d - a wand of flame (15/48)
 g - a wand of paralysis (11/24)
 u - a wand of paralysis (7/24)
 x - a wand of flame (40/48)
 N - a wand of confusion (22/48)
 O - a wand of flame (20/48)
 W - a wand of digging (12/24)
 X - a wand of confusion (18/48)
Scrolls
 j - 6 scrolls of remove curse
 k - 5 scrolls of teleportation
 p - 2 scrolls of amnesia
 B - 6 scrolls of enchant armour
 K - 2 scrolls of noise
 P - 2 scrolls of enchant weapon
Potions
 h - 3 potions of curing
 i - 3 potions of flight
 o - a potion of ambrosia
 q - a potion of magic
 s - a potion of invisibility
 z - 2 potions of resistance
 C - 2 potions of brilliance
 Q - a potion of haste
 T - a potion of might
Books
 e - a book of Spatial Translocations

   Spells                             Type                      Level
   a - Apportation                    Translocation                1
   b - Blink                          Translocation                2
   c - Shroud of Golubria             Charms/Translocation         2
   d - Portal Projectile              Translocation                3
   e - Teleport Other                 Translocation                3
   f - Passage of Golubria            Translocation                4
   Trog disapproves of the use of such an item.
 f - a book of Flames

   Spells                             Type                      Level
   a - Flame Tongue                   Conjuration/Fire             1
   b - Throw Flame                    Conjuration/Fire             2
   c - Conjure Flame                  Conjuration/Fire             3
   d - Inner Flame                    Hexes/Fire                   3
   e - Sticky Flame                   Conjuration/Fire             4
   f - Fireball                       Conjuration/Fire             5
   Trog disapproves of the use of such an item.
 G - a book of the Sky

   Spells                             Type                      Level
   a - Summon Lightning Spire         Summoning/Air                4
   b - Airstrike                      Air                          4
   c - Silence                        Hexes/Air                    5
   d - Deflect Missiles               Charms/Air                   6
   e - Conjure Ball Lightning         Conjuration/Air              6
   f - Tornado                        Air                          9
   Trog disapproves of the use of such an item.
 V - a book of Misfortune

   Spells                             Type                      Level
   a - Confusing Touch                Hexes                        2
   b - Confuse                        Hexes                        3
   c - Gell's Gravitas                Hexes/Translocation          3
   d - Petrify                        Transmutation/Earth          4
   e - Metabolic Englaciation         Hexes/Ice                    5
   f - Yara's Violent Unravelling     Hexes/Transmutation          5
   Trog disapproves of the use of such an item.
Comestibles
 c - 13 bread rations
 r - 2 meat rations
 w - 4 beef jerkies
 D - 2 royal jellies
 M - 2 slices of pizza


   Skills:
 + Level 10.2 Fighting
 * Level 14.6 Maces & Flails
 * Level 7.0 Throwing
 + Level 9.9 Dodging
 + Level 2.1 Stealth


You had 10 spell levels left.
You didn't know any spells.

Dungeon Overview and Level Annotations

Branches:
Dungeon (11/15)            Temple (0/1) D:4            Lair (0/8) D:10
    Orc (0/2) D:9

Altars:
Ashenzari
Cheibriados
Dithmenos
Gozag
Nemelex Xobeh
Okawaru
Pakellas
Vehumet
Yredelemnul
Zin

Shops:
D:7 :   D:8 !


Innate Abilities, Weirdness & Mutations

You are too large for most types of armour.
You have tough skin (AC +1).
You can translocate small distances at will.


Message History

The tengu reaver is moderately wounded.
The tengu reaver casts a spell at you. The bolt of acid hits you!
The acid burns!
The battlesphere fires!
The barrage of energy hits you!
* * * LOW HITPOINT WARNING * * *
Read which item? (? for menu, Esc to quit)
Okay, then.
Read which item? (? for menu, Esc to quit)
Okay, then.
Read which item? (? for menu, Esc to quit)
Blink to where?
Press: ? - help, Dir - move target cursor You are very lightly contaminated with residual magic.
As you read the scroll of blinking, it crumbles to dust.
Drink which item? (? for menu, Esc to quit)
You feel yourself speed up.
The tengu reaver gestures at you while chanting.
The bolt of poison hits you!
You are lethally poisoned!
You die...

..÷.†.....<(#*,,,*#..(......###..
.÷).........#,,,,,#.........# ##'
..##........#,,,,,#.........###..
..##..#########,,*#.........#.').
..#####§§§∩§§.#####...##..###.#..
..##.,#§§...§.#.......##..###.###
......#..§...§#....*..........'..
......#.§.....#...............#..
#######.§..§§§#<@...Q.######..#..
#######..§.§..#.......##..##..##.
......#......§#...........##..###
......#§§...§.#............#...#
##..###.§....§#............#...#
##..##...#...#.............#..##
........##..##........##'###(.##
............##...##...##..##...#
.............######...##.......#


You could see a tengu reaver and a battlesphere.

Vanquished Creatures
  2 unseen horrors
  3 hill giants
  2 ugly things (D:11)
  The ghost of Schimscham the Thaumaturge, a novice DEWz of Sif Muna (D:6)
  A komodo dragon (D:8)
  A troll (D:9)
  4 slime creatures
  The ghost of Moofe the Sneak, an amateur OpIE (D:5)
  A spriggan (D:7)
  Sigmund (D:2)
  A shadow (D:11)
  2 wraiths (D:10)
  2 wyverns (D:9)
  2 hippogriffs (D:8)
  2 hell hounds (D:10)
  A water moccasin (D:9)
  3 ice beasts
  3 orc warriors
  4 black bears
  A wasp (D:11)
  An ogre (D:7)
  3 necrophages (D:10)
  2 phantoms
  2 crocodiles (D:10)
  3 big kobolds
  4 centaurs
  7 giant frogs
  A wyvern zombie (D:10)
  2 scorpions
  4 killer bees (D:11)
  10 wights
  An electric eel (D:7)
  3 howler monkeys
  A giant frog zombie (D:10)
  6 crimson imps
  A centaur zombie (D:10)
  4 jellies
  2 quasits
  A wasp zombie (D:5)
  6 hounds
  4 orc priests
  2 centaur skeletons
  A gnoll shaman (D:5)
  9 orc wizards
  Jessica (D:3)
  6 iguanas
  5 worker ants
  A worker ant zombie (D:10)
  A howler monkey zombie (D:6)
  9 gnolls
  20 adders
  2 howler monkey skeletons
  4 shadow imps
  3 oozes
  An adder zombie (D:5)
  An adder skeleton (D:8)
  14 dart slugs
  8 giant geckos
  39 orcs
  6 bats
  9 giant cockroaches
  9 goblins
  12 hobgoblins
  3 jackals
  19 kobolds
  5 quokkas
  A ball python (D:2)
  A giant gecko zombie (D:9)
  9 giant newts
  A jackal skeleton (D:4)
  2 quokka skeletons
  16 rats
326 creatures vanquished.

Vanquished Creatures (collateral kills)
  2 killer bees (D:11)
  2 orcs (D:11)
4 creatures vanquished.

Vanquished Creatures (others)
  A hippogriff (D:11)
  A necrophage (D:11)
2 creatures vanquished.

Grand Total: 332 creatures vanquished

Notes
Turn   | Place    | Note
--------------------------------------------------------------
     0 | D:1      | mannyp the Ogre Berserker began the quest for the Orb.
     0 | D:1      | Reached XP level 1. HP: 24/24 MP: 1/1
   124 | D:1      | Reached XP level 2. HP: 32/33 MP: 2/2
   567 | D:1      | Reached XP level 3. HP: 27/40 MP: 3/3
   697 | D:1      | Reached ** piety under Trog
   697 | D:1      | Reached skill level 1 in Throwing
  1275 | D:2      | Reached XP level 4. HP: 49/49 MP: 4/4
  1524 | D:2      | Reached skill level 5 in Maces & Flails
  2042 | D:2      | Reached skill level 5 in Fighting
  2212 | D:2      | Noticed Sigmund
  2231 | D:2      | Killed Sigmund
  2231 | D:2      | Reached XP level 5. HP: 40/57 MP: 5/5
  2231 | D:2      | Reached XP level 6. HP: 46/66 MP: 6/6
  2564 | D:3      | Reached skill level 6 in Maces & Flails
  2589 | D:3      | Noticed Jessica
  2608 | D:3      | Killed Jessica
  2663 | D:3      | Found a glowing silver altar of Zin.
  2759 | D:3      | Reached *** piety under Trog
  3182 | D:3      | Reached XP level 7. HP: 74/74 MP: 7/7
  3342 | D:3      | Found a snail-covered altar of Cheibriados.
  3558 | D:4      | Found a glowing drain.
  3607 | Sewer    | Entered a sewer
  3621 | Sewer    | Reached **** piety under Trog
  3871 | Sewer    | Found a glowing silver altar of Zin.
  3967 | D:4      | Reached skill level 7 in Maces & Flails
  4368 | D:4      | Reached skill level 5 in Dodging
  4376 | D:4      | Received a gift from Trog
  4448 | D:4      | Found a staircase to the Ecumenical Temple.
  4549 | D:4      | Found an opulent altar of Gozag.
  4576 | D:5      | Entered Level 5 of the Dungeon
  4905 | D:5      | Reached XP level 8. HP: 83/83 MP: 8/8
  5007 | D:5      | Received a gift from Trog
  5216 | D:5      | Reached skill level 8 in Maces & Flails
  5326 | D:5      | Noticed Moofe's ghost (amateur OpIE)
  5347 | D:5      | Killed Moofe's ghost
  5476 | D:5      | Reached skill level 9 in Maces & Flails
  5769 | D:6      | Received a gift from Trog
  5812 | D:6      | Noticed Schimscham's ghost (novice DEWz)
  5830 | D:6      | Killed Schimscham's ghost
  5830 | D:6      | Reached XP level 9. HP: 82/93 MP: 9/9
  6379 | D:6      | Reached skill level 10 in Maces & Flails
  6383 | D:6      | Found a sparkling altar of Nemelex Xobeh.
  6663 | D:6      | Found an oddly glowing altar of Pakellas.
  6756 | D:6      | Received a gift from Trog
  6823 | D:6      | Reached skill level 1 in Stealth
  6856 | D:6      | Found a basalt altar of Yredelemnul.
  6856 | D:6      | Found a radiant altar of Vehumet.
  6856 | D:6      | Found an iron altar of Okawaru.
  6862 | D:6      | Found a shadowy altar of Dithmenos.
  6862 | D:6      | Found a shattered altar of Ashenzari.
  7896 | D:7      | Found Moeblag's Book Shoppe.
  7932 | D:7      | Reached skill level 5 in Throwing
  8081 | D:7      | Received a gift from Trog
  8378 | D:8      | Noticed a komodo dragon
  8393 | D:8      | HP: 6/144 [komodo dragon (29)]
  8394 | D:8      | Killed a komodo dragon
  8394 | D:8      | Reached XP level 10. HP: 7/104 MP: 10/10
  8763 | D:8      | Reached skill level 11 in Maces & Flails
  8865 | D:8      | Found Muares's Distillery.
  8871 | D:8      | Bought a potion of beneficial mutation for 385 gold pieces
  8883 | D:8      | Gained mutation: You can translocate small distances at will. [potion of beneficial mutation]
  9323 | D:9      | Noticed a hill giant
  9329 | D:9      | Killed a hill giant
  9540 | D:9      | Found a staircase to the Orcish Mines.
  9631 | D:9      | Reached skill level 12 in Maces & Flails
  9653 | D:9      | Found an oddly glowing altar of Pakellas.
 10360 | D:10     | Entered Level 10 of the Dungeon
 10902 | D:10     | Found a staircase to the Lair.
 10951 | D:10     | Reached XP level 11. HP: 115/115 MP: 11/11
 10988 | D:10     | Reached skill level 13 in Maces & Flails
 10999 | D:10     | Reached ***** piety under Trog
 11071 | D:10     | Received a gift from Trog
 11092 | D:10     | HP: 7/171 [wyvern zombie (4)]
 11658 | D:10     | Killed an unseen horror
 11988 | D:11     | Reached skill level 10 in Fighting
 12031 | D:11     | Found a flickering gateway to a bazaar.
 12040 | Bazaar   | Entered a bazaar
 12042 | Bazaar   | Found Zierph's Magic Scroll Boutique.
 12042 | Bazaar   | Found Woicweax's Armour Boutique.
 12069 | Bazaar   | Found Meoqimif's Jewellery Boutique.
 12118 | Bazaar   | Found Umaiqovi's Book Shop.
 12158 | Bazaar   | Bought a scroll of enchant armour for 127 gold pieces
 12158 | Bazaar   | Bought a scroll of enchant weapon for 127 gold pieces
 12288 | D:11     | Noticed a hill giant
 12296 | D:11     | Killed a hill giant
 12296 | D:11     | Reached skill level 14 in Maces & Flails
 12368 | D:11     | Paralysed by an orc priest for 3 turns
 12455 | D:11     | Noticed a red ugly thing
 12467 | D:11     | HP: 5/117 [red ugly thing (22)]
 12469 | D:11     | Killed a red ugly thing
 12964 | D:11     | Killed an unseen horror
 13046 | D:11     | Noticed a hill giant
 13055 | D:11     | Killed a hill giant
 13352 | D:11     | Noticed a purple ugly thing
 13363 | D:11     | Killed a purple ugly thing
 13367 | D:11     | Noticed a tengu reaver
 13391 | D:11     | Killed from afar by a tengu reaver

Skill      XL: |  1  2  3  4  5  6  7  8  9 10 11 |
---------------+----------------------------------+-----
Dodging        | 3 4 5 6 8 9 |  9.9
Throwing       | 1 2 3 4 5 6 7 |  7.0
Maces & Flails | 5 6 7 9 10 12 14 | 14.6
Fighting       | 5 6 7 8 9 10 | 10.2
Stealth        | 1 2 |  2.1

Action                   |  1- 3 |  4- 6 |  7- 9 | 10-12 || total
-------------------------+-------+-------+-------+-------++-------
Melee: Mace              |   111 |   231 |   144 |       ||   486
       Morningstar       |       |       |   282 |       ||   282
       Flail             |       |       |    71 |       ||    71
       Giant club        |       |       |    11 |   410 ||   421
Throw: Tomahawk          |       |       |    25 |    20 ||    45
       Large rock        |       |       |       |     1 ||     1
Invok: Berserk           |     1 |     2 |    13 |     7 ||    23
       Trog's Hand       |       |       |     1 |     4 ||     5
       Brothers in Arms  |       |       |       |     1 ||     1
  Use: Scroll            |       |     3 |    10 |    10 ||    23
       Potion            |       |     3 |     1 |     9 ||    13
  Eat: Chunk             |     2 |    21 |    27 |    24 ||    74
Armor: Animal skin       |    26 |    79 |   213 |   162 ||   480
Dodge: Dodged            |    75 |   130 |   379 |   274 ||   858
